 Dungeon Crawl Stone Soup version 0.28-a0-823-gb444dcf96d (webtiles) character file.

Game seed: 17890189728416635064

160 Ijustatesigmund the Skirmisher (level 5, -6/81 HPs)
             Began as a Gargoyle Fighter on Nov 10, 2021.
             Mangled by an ogre (11 damage)
             ... on level 4 of the Dungeon.
             The game lasted 00:04:18 (3220 turns).

Ijustatesigmund the Skirmisher (Gargoyle Fighter)   Turns: 3220, Time: 00:04:20

Health: -6/81      AC: 22    Str: 19    XL:     5   Next: 41%
Magic:  5/5        EV:  2    Int: 10    God:
Gold:   114        SH:  4    Dex:  9    Spells: 4/4 levels left

rFire   . . .      SeeInvis .   a - +0 flail
rCold   . . .      Faith    .   c - +0 buckler
rNeg    + . .      Spirit   .   (armour currently unavailable)
rPois   ∞          Reflect  .   (helmet currently unavailable)
rElec   .          Harm     .   (cloak currently unavailable)
rCorr   .          Rampage  .   (gloves currently unavailable)
Will    .....      NoTele   +   (boots currently unavailable)
Stlth   ..........              e - amulet of the acrobat
HPRegen 0.23/turn               (no ring)
MPRegen 0.09/turn               (no ring)

@: berserking, tree-form, very quick
A: stationary, stasis, torment immunity, boosted hp, sickness immunity, AC +4,
negative energy resistance 1, (electricity resistance), torment resistance 1,
petrification resistance
a: no special abilities


You were on level 4 of the Dungeon.
You were a tree.
You visited 1 branch of the dungeon, and saw 4 of its levels.

You collected 114 gold pieces.

Inventory:

Hand Weapons
 a - a +0 flail (weapon)
Armour
 b - a +0 scale mail (melded)
 c - a +0 buckler (worn)
 g - a +1 helmet (melded)
Jewellery
 e - an amulet of the acrobat (around neck)
Wands
 f - a wand of digging (5)
Potions
 d - 2 potions of might
 i - 2 potions of flight
 l - 2 potions of lignification


   Skills:
 + Level 5.7 Fighting
 + Level 3.3 Maces & Flails
 - Level 3.2 Armour
 - Level 3.2 Shields


You had 4 spell levels left.
You didn't know any spells.
Your spell library contained the following spells:

 Spells                   Type           Power      Damage    Failure   Level
 Sting                    Tmut/Pois      0%         1d3       38%         1
 Poisonous Vapours        Pois/Air       0%         N/A       52%         2
 Olgreb's Toxic Radiance  Pois           0%         N/A       99%         4


Dungeon Overview and Level Annotations

Branches:
Dungeon (4/15)
 Temple: D:4-7

Altars:
Sif Muna
Uskayaw


Innate Abilities, Weirdness & Mutations

You are a tree.
Your roots penetrate the ground, keeping you stationary.
You cannot be teleported.
You are immune to unholy pain and torment.
Your maximum health is greatly increased.
Your equipment is partially melded.
You are immune to sickness and miasma.
((Your stone body is resilient. (AC +4)))
You are immune to poison.
You resist negative energy. (rN+)
((You are resistant to electric shocks. (rElec)))
You are resistant to unholy torment.
You are immune to petrification.


Message History

The hobgoblin hits you but does no damage.
The kobold brigand closely misses you. You block the hobgoblin's attack.
You completely miss the kobold brigand.
The kobold brigand is almost dead.
The kobold brigand hits you but does no damage.
The hobgoblin hits you but does no damage.
The kobold brigand hits you but does no damage.
You barely miss the kobold brigand.
The kobold brigand is almost dead.
The hobgoblin hits you but does no damage.
The kobold brigand barely misses you.
You barely miss the kobold brigand.
The kobold brigand is almost dead.
You block the hobgoblin's attack.
The ogre hits you with a +0 giant spiked club!!
Ouch! That really hurt!
* * * LOW HITPOINT WARNING * * *
The kobold brigand barely misses you. The hobgoblin completely misses you.
You aren't carrying any scrolls.
It was a potion of lignification.
You turn into a tree.
Your +1 helmet melds into your body.
Your +0 scale mail melds into your body.
Your roots penetrate the ground.
The kobold brigand hits you with a +0 club.
* * * LOW HITPOINT WARNING * * *
The ogre hits you but does no damage.
The hobgoblin hits you but does no damage.
You cannot move.
You cannot move.
You sock the hobgoblin!
You kill the hobgoblin!
The kobold brigand hits you but does no damage.
The ogre hits you but does no damage.
It was a potion of berserk rage.
A red film seems to cover your vision as you go berserk!
You feel yourself moving faster!
You feel mighty!
The kobold brigand hits you with a +0 club.
* * * LOW HITPOINT WARNING * * *
The ogre hits you with a +0 giant spiked club!
You die...

###.....###.###.
................
...........####. .
.$.............. ..
.!.........#### ...
...........####....
#####.#...#........
#.#.##..O......
#...#..♣.......
##..#...K....##
#.>....$.####
##.##.#### #. #.. #
###


You could see a kobold brigand and an ogre.

Vanquished Creatures
  A howler monkey (D:3)
  Robin (D:3)
  5 adders
  A worm (D:2)
  2 dart slugs (D:2)
  An orc (D:3)
  4 ball pythons
  5 endoplasms
  A giant cockroach (D:3)
  8 goblins
  8 hobgoblins
  10 kobolds
  3 quokkas
  4 bats
  3 frilled lizards
  2 rats
59 creatures vanquished.

Vanquished Creatures (others)
  6 plants (D:1)
6 creatures vanquished.

Grand Total: 65 creatures vanquished

Notes
Turn   | Place    | Note
-------+----------+-------------------------------------------
     0 | D:1      | Ijustatesigmund the Gargoyle Fighter began the quest for
                  | the Orb.
     0 | D:1      | Reached XP level 1. HP: 14/14 MP: 1/1
    82 | D:1      | Found Curai's Armour Emporium.
   563 | D:1      | You fall into a shaft and drop 1 floor!
   599 | D:2      | Found a shimmering blue altar of Sif Muna.
   633 | D:2      | Reached skill level 4 in Fighting
   633 | D:2      | Reached XP level 2. HP: 11/20 MP: 2/2
   695 | D:1      | HP: 1/20 [adder (2)]
   697 | D:1      | Reached XP level 3. HP: 1/24 MP: 3/3
  1032 | D:1      | Found a faded altar of an unknown god.
  1940 | D:2      | Reached skill level 5 in Fighting
  2312 | D:3      | Reached XP level 4. HP: 30/31 MP: 4/4
  2401 | D:3      | Found a hide-covered altar of Uskayaw.
  2815 | D:3      | Noticed Robin
  2823 | D:3      | Reached XP level 5. HP: 34/35 MP: 5/5
  2838 | D:3      | Killed Robin
  3204 | D:4      | Noticed a kobold brigand
  3211 | D:4      | Noticed an ogre
  3220 | D:4      | Mangled by an ogre

Illustrated notes

Levels and vault maps discovered:
D:1:      giann_bridges, layout_loops_ring, serial_forest,
          infiniplex_forest_clump_tiny, infiniplex_forest_clump_small,
          infiniplex_forest_straight_3, infiniplex_forest_lined_corner,
          infiniplex_forest_lined_2, serial_shops, nicolae_square_shop,
          basic_ecumenical_altar, grunt_decor_mini_mirrors,
          lexackson_kobold_supper
D:2:      layout_basic, basic_altar, minivault_27
D:3:      layout_loops_cross, mainiacjoe_overflow_alcove_2, minmay_between,
          uniq_robin
D:4:      layout_basic

Skill      XL: |  1  2  3  4 |
---------------+-------------+-----
Fighting       | 4 5 |  5.7
Maces & Flails | 3 |  3.3
Armour         | |  3.2
Shields        | |  3.2

Action                   |  1- 3 |  4- 6 || total
-------------------------+-------+-------++-------
Melee: Flail             |   124 |   103 ||   227
  Use: Scroll            |     6 |     2 ||     8
       Potion            |       |     2 ||     2
Armor: Scale mail        |    74 |    55 ||   129
       Skin              |       |     4 ||     4
Dodge: Dodged            |   138 |    73 ||   211
Block: Buckler           |    39 |    20 ||    59

Table legend: (Time is in decaauts)
 A = Elapsed time spent in this place.
 B = Non-inter-level travel time spent in this place.
 C = Inter-level travel time spent in this place.
 D = Time resting spent in this place.
 E = Time spent auto-exploring this place.
 F = Levels seen in this place.
 G = Mean time per level.
                   A        B        C        D        E       F      G
               +--------+--------+--------+--------+--------+-----+--------+
         Total |   3286 |   3229 |     57 |    565 |   2059 |   4 |  821.5 |
       Dungeon |   3286 |   3229 |     57 |    565 |   2059 |   4 |  821.5 |
               +--------+--------+--------+--------+--------+-----+--------+

Top non-repeatable levels by time:
     D:1: 1432 daAuts
     D:3: 922 daAuts
     D:2: 893 daAuts
     D:4: 38 daAuts
